 Dungeon Crawl Stone Soup version 0.30.1-11-g7821555f0a (webtiles) character file.

Game seed: 13274962524981251425

30 jtron the Chopper (level 3, -1/31 HPs)
             Began as a Gnoll Wanderer on Dec 24, 2023.
             Slain by an ogre
             ... wielding a +0 giant club
              (12 damage)
             ... on level 2 of the Dungeon.
             The game lasted 00:01:27 (833 turns).

jtron the Chopper (Gnoll Wanderer)                   Turns: 833, Time: 00:01:28

Health: -1/31      AC:  7    Str: 15    XL:     3   Next: 20%
Magic:  7/7        EV:  9    Int:  8    God:
Gold:   103        SH:  0    Dex: 12    Spells: 7/7 levels left

rFire   . . .        a - +2 hand axe
rCold   . . .        (no shield)
rNeg    . . .        c - +0 scale mail
rPois   .            (no helmet)
rElec   .            (no cloak)
rCorr   .            (no gloves)
SInv    .            (no boots)
Will    .....        (no amulet) Stlth
                     (no ring)
HPRegen 0.25/turn    (no ring)
MPRegen 0.10/turn

%: no passive effects
@: weak-willed
A: fangs 1, strong nose, distributed training
a: no special abilities


You were on level 2 of the Dungeon.
You visited 1 branch of the dungeon, and saw 2 of its levels.

You collected 103 gold pieces.

Inventory:

Hand Weapons
 a - a +2 hand axe (weapon)
 b - a +0 sling
Armour
 c - a +0 scale mail (worn)
Magical Staves
 g - a staff of fire
Wands
 e - a wand of polymorph (2)
Scrolls
 h - 2 scrolls of poison
 j - a scroll of acquirement {unknown}
Potions
 d - a potion of attraction
 i - a potion of heal wounds


   Skills:
 + Level 4.5 Fighting
 + Level 0.7 Short Blades
 + Level 0.7 Long Blades
 + Level 6.5 Axes
 + Level 0.7 Maces & Flails
 + Level 0.7 Polearms
 + Level 0.7 Staves
 + Level 2.6 Ranged Weapons
 + Level 0.7 Throwing
 + Level 4.5 Armour
 + Level 0.7 Dodging
 + Level 0.7 Stealth
 + Level 0.7 Shields
 + Level 0.7 Unarmed Combat
 + Level 2.8 Spellcasting
 + Level 0.5 Conjurations
 + Level 0.5 Hexes
 + Level 0.5 Summonings
 + Level 0.5 Necromancy
 + Level 0.5 Translocations
 + Level 0.5 Transmutations
 + Level 0.5 Fire Magic
 + Level 0.5 Ice Magic
 + Level 0.5 Air Magic
 + Level 0.5 Earth Magic
 + Level 0.5 Poison Magic
 + Level 0.9 Invocations
 + Level 2.6 Evocations


You had 7 spell levels left.
You didn't know any spells.
Your spell library contained the following spells:

 Spells                   Type           Power      Damage    Failure   Level
 Kiss of Death            Conj/Necr      4%         2d5       69%         1
 Sublimation of Blood     Necr           1%         N/A       83%         2
 Wereblood                Tmut           1%         N/A       83%         2
 Confusing Touch          Hex            1%         N/A       96%         3
 Dispel Undead            Necr           1%         3d6       100%        4
 Summon Hydra             Summ           0%         N/A       100%        7


Dungeon Overview and Level Annotations

Branches:
Dungeon (2/15)

Altars:


Innate Abilities, Weirdness & Mutations

You have very sharp teeth.
Your uncanny sense of smell can sniff out nearby items.
Your experience applies equally to all skills.


Message History

You open the door.
There is an open door here.
A hobgoblin comes into view.
The hobgoblin shouts!
A hobgoblin is nearby!
The hobgoblin hits you but does no damage.
You slash the hobgoblin!
You kill the hobgoblin!
No target in view!
No target in view!
No target in view!
No target in view!
No target in view!
No target in view!
No target in view!
No target in view!
No target in view!
Found a stone staircase leading down.
An ogre comes into view. It is wielding a +0 giant club.
The ogre shouts!
An ogre is nearby!
An endoplasm comes into view.
The endoplasm quivers.
Found a glowing long sword and 6 stones.
A goblin comes into view. It is wielding a +0 dagger.
The endoplasm attacks as you move away! The endoplasm closely misses you.
As you read the scroll labelled IREPTO DANOKE, it crumbles to dust.
Magic quickly surges around you.
It was a scroll of vulnerability.
The endoplasm closely misses you.
You slash the endoplasm!
You kill the endoplasm!
You hit the ogre but do no damage.
The ogre hits you with a +0 giant club!!
Ouch! That really hurt!
You hit the ogre.
The ogre is lightly wounded.
You barely miss the ogre.
The ogre is lightly wounded.
The ogre hits you with a +0 giant club!
You die...

### #.##############
#..............#
#.############.# #.# #.#
## #.# #.# #.. #@# #.#
#... #O# #######'## #.)..
#.# #........#
#.....##.#### #........#
#...........# #........#
#...........# #######.##
#####...>.......#####.###
#....................
#.......#............


You could see an ogre (weak-willed).

Vanquished Creatures
  2 dart slugs (D:1)
  4 bats
  3 endoplasms
  A goblin (D:2)
  3 hobgoblins
  5 kobolds (D:1)
  A quokka (D:1)
  2 ball pythons (D:1)
  2 frilled lizards (D:1)
23 creatures vanquished.

Notes
Turn   | Place    | Note
-------+----------+-------------------------------------------
     0 | D:1      | jtron the Gnoll Wanderer began the quest for the Orb.
     0 | D:1      | jtron set off with the following items: a +2 hand axe, a +0
                  | sling, a +0 scale mail, a potion of attraction.
     0 | D:1      | Reached XP level 1. HP: 20/20 MP: 4/4
    98 | D:1      | Reached XP level 2. HP: 24/26 MP: 5/5
   424 | D:1      | Reached XP level 3. HP: 31/31 MP: 7/7
   822 | D:2      | Noticed an ogre
   833 | D:2      | Slain by an ogre

Illustrated notes

Levels and vault maps discovered:
D:1:      lemuel_arrival_room, layout_basic, hangedman_abyss_or_decor_stabs
D:2:      layout_basic, skrybe_limestone_x, minmay_misc_feat_hallway,
          uniq_sigmund

Action                     || total
---------------------------++-------
  Melee: Hand axe          ||    47
         Bite              ||     2
   Fire: Sling             ||    18
    Use: Scroll            ||     3
 Armour: Scale mail        ||    25
  Dodge: Dodged            ||    32
